 Dungeon Crawl Stone Soup version 0.21-a0-64-g1c0f2e3 (webtiles) character file.

65 Manul the Grave Robber (level 4, 0/23 HPs)
             Began as a Vine Stalker Wanderer on June 17, 2017.
             Slain by a goblin (1 damage)
             ... on level 2 of the Dungeon.
             The game lasted 00:02:49 (1313 turns).

Manul the Grave Robber (Vine Stalker Wanderer)      Turns: 1313, Time: 00:02:49

Health: 0/23       AC:  2    Str: 13    XL:     4   Next: 14%
Magic:  0/8        EV: 11    Int: 13    God:
Gold:   73         SH:  0    Dex: 15    Spells: 4/8 levels left

rFire    . . .     SeeInvis .   a - +2 shortbow
rCold    . . .     Gourm    .   (shield currently unavailable)
rNeg     . . .     Faith    .   e - +0 robe
rPois    .         Spirit   +   (no helmet)
rElec    .         Reflect  .   (no cloak)
rCorr    .         Harm     .   (no gloves)
MR       .....                  (no boots)
Stlth    ++........             (no amulet)
HPRegen  0.47/turn              (no ring)
MPRegen  0.11/turn              (no ring)

@: no status effects
A: fangs 2, regeneration 1, magic shield, antimagic bite, no potion heal 3, rot
immunity
a: no special abilities


You were on level 2 of the Dungeon.
You were not hungry.

You visited 1 branch of the dungeon, and saw 2 of its levels.

You collected 73 gold pieces.

Inventory:

Hand Weapons
 a - a +2 shortbow (weapon)
Missiles
 b - 2 stones (quivered)
Armour
 e - a +0 robe (worn)
Scrolls
 h - a scroll of noise {unknown}
 i - a scroll of immolation {unknown}
 j - a scroll of amnesia {unknown}
 k - 2 scrolls of identify {unknown}
 m - a scroll of enchant weapon {unknown}
 o - 3 scrolls of remove curse {unknown}
 q - a scroll of teleportation {unknown}
Potions
 l - 3 potions of lignification {unknown}
 n - a potion of haste {unknown}
 p - a potion of curing {unknown}
 r - a potion of heal wounds {unknown}
 s - a potion of resistance {unknown}
Books
 c - the Incunabulum of Confrontation

   Spells                             Type                      Level
   a - Sting                          Conjuration/Poison           1
   b - Static Discharge               Conjuration/Air              3
 d - Ineor's Tome of Aid

   Spells                             Type                      Level
   a - Infusion                       Charms                       1
   b - Regeneration                   Charms/Necromancy            3
Comestibles
 f - 3 bread rations
 g - 2 chunks of flesh


   Skills:
 + Level 2.3 Fighting
 + Level 2.5 Bows
 + Level 1.1 Stealth
   Level 1.0 Shields
 + Level 2.6 Spellcasting
 + Level 3.0 Necromancy
   Level 1.0 Evocations


You had 4 spell levels left.
You knew the following spells:

 Your Spells              Type           Power        Failure   Level  Hunger
a - Sting                 Conj/Pois      #...         24%         1    #......
b - Regeneration          Chrm/Necr      #.........   36%         3    ###....


Dungeon Overview and Level Annotations

Branches:
Dungeon (2/15)

Altars:


Innate Abilities, Weirdness & Mutations

You have extremely sharp teeth.
Your natural rate of healing is unusually fast.
When hurt, damage is shared between your health and your magic reserves.
Your bite disrupts and absorbs the magic of your enemies.
Potions cannot restore your health.
You are immune to rotting.


Message History

* * * LOW HITPOINT WARNING * * *
The jackal bites you.
* * * LOW HITPOINT WARNING * * *
The jackal bites you.
* * * LOW HITPOINT WARNING * * *
The goblin barely misses you. The jackal barely misses you.
The goblin closely misses you. The jackal barely misses you.
The jackal bites you.
* * * LOW HITPOINT WARNING * * *
The goblin hits you but does no damage. The jackal bites you.
* * * LOW HITPOINT WARNING * * *
The goblin closely misses you. The jackal bites you.
* * * LOW HITPOINT WARNING * * *
The goblin closely misses you. The jackal bites you.
* * * LOW HITPOINT WARNING * * *
The jackal barely misses you. The goblin hits you.
You die...

......†(...# #.# #.#
......###..#
#.######.# ..((.
####(########.....<#.#
.(..
#........(.#########.#
...
#...>......'.........#
..
#....(.....###########
. #..÷..((...#
#(......gh.#
#......((@.#
############


You could see a jackal and a goblin.

Vanquished Creatures
  3 dart slugs
  A leopard gecko (D:1)
  2 giant cockroaches (D:2)
  7 goblins (D:1)
  12 hobgoblins
  3 jackals (D:2)
  2 quokkas (D:2)
  8 bats
  A frilled lizard (D:1)
  6 kobolds
  5 rats
50 creatures vanquished.

Notes
Turn   | Place    | Note
-------+----------+-------------------------------------------
     0 | D:1      | Manul the Vine Stalker Wanderer began the quest for the Orb.
     0 | D:1      | Manul set off with: a +2 shortbow, 25 arrows, the Incunabulum of Confrontation, Ineor's Tome of Aid, a +0 robe, a bread ration
     0 | D:1      | Reached XP level 1. HP: 11/11 MP: 4/4
     0 | D:1      | Identified the Incunabulum of Confrontation
     0 | D:1      | Identified Ineor's Tome of Aid
     2 | D:1      | Learned a level 1 spell: Sting
   214 | D:1      | Reached XP level 2. HP: 15/15 MP: 6/6
   475 | D:1      | Reached XP level 3. HP: 13/18 MP: 5/7
  1064 | D:2      | Reached skill level 1 in Stealth
  1239 | D:2      | Gained mutation: Your natural rate of healing is unusually fast. [Vine Stalker growth]
  1239 | D:2      | Reached XP level 4. HP: 23/23 MP: 8/8
  1244 | D:2      | Learned a level 3 spell: Regeneration
  1312 | D:2      | HP: 1/23 [jackal (1)]
  1313 | D:2      | Slain by a goblin

Vault maps used:
D:1:      dpeg_arrival_morbid_curiosity

Skill      XL: |  1  2  3 |
---------------+----------+-----
Fighting       | 2 |  2.3
Bows           | 2 |  2.5
Stealth        | 1 |  1.1
Shields        | |  1.0
Spellcasting   | |  2.6
Necromancy     | |  3.0
Evocations     | |  1.0

Action                   |  1- 3 |  4- 6 || total
-------------------------+-------+-------++-------
 Fire: Shortbow          |   100 |    11 ||   111
 Cast: Sting             |    12 |     4 ||    16
  Eat: Chunk             |     1 |       ||     1
Armor: Robe              |     4 |    12 ||    16
Dodge: Dodged            |    29 |    54 ||    83
